 Dungeon Crawl Stone Soup version 0.32-a0-470-g255bbe2f98 (webtiles) character file.

Game seed: 5601752795168349143

1304 Conn the Sneak (level 8, -2/46 HPs)
             Began as an Octopode Fire Elementalist on Feb 25, 2024.
             Slain by YordlordTheGreat's ghost (7 damage)
             ... on level 5 of the Dungeon.
             The game lasted 00:14:51 (4831 turns).

Conn the Sneak (Octopode Fire Elementalist)         Turns: 4831, Time: 00:14:51

Health: -2/46      AC:  1    Str: 19    XL:     8   Next: 57%
Magic:  0/15       EV: 19    Int: 19    God:
Gold:   289        SH:  0    Dex: 13    Spells: 6/16 levels left

rFire   . . .        h - staff of conjuration
rCold   . . .        (no shield)
rNeg    + . .        (helmet restricted)
rPois   +            (no amulet)
rElec   .            q - +5 ring of evasion
rCorr   .            s - +6 ring of strength
SInv    .            d - ring "Caguot" {rPois rN+ Str+6}
Will    .....        (no ring)
Stlth   ++++         (no ring)
HPRegen 0.27/turn    (no ring)
MPRegen 0.14/turn    (no ring)
                     (no ring)

%: no passive effects
@: no status effects
A: almost no armour, amphibious, 8 rings, camouflage 1, gelatinous body 1,
(nimble swimmer 1), tentacles
a: no special abilities


You were on level 5 of the Dungeon.
You visited 2 branches of the dungeon, and saw 7 of its levels.
You also visited: Ossuary.

You collected 289 gold pieces.

Inventory:

Hand Weapons
 c - a +0 dagger
Missiles
 n - a throwing net (quivered)
 v - 4 atropa-tipped darts
Armour
 t - the +0 hat of the Wasteland {Rampage rF- Slay+2 Stlth+}
   (You found it on level 6 of the Dungeon)

   Slay+2:    It affects your accuracy & damage with ranged weapons and melee
   (+2).
   rF-:       It makes you vulnerable to fire.
   Rampage:   It bestows one free step when moving towards enemies.
   Stlth+:    It makes you more stealthy.
Magical Staves
 h - a staff of conjuration (weapon)
Jewellery
 d - the ring "Caguot" (on tentacle) {rPois rN+ Str+6}
   (You found it on level 4 of the Dungeon)

   [ring of strength]

   Str+6:     It affects your strength (+6).
   rPois:     It protects you from poison rN+: It protects you from negative
   energy.
 q - a +5 ring of evasion (left tentacle)
 s - a +6 ring of strength (right tentacle)
Scrolls
 j - a scroll of poison
 m - 4 scrolls of teleportation
 o - 2 scrolls of amnesia
 u - a scroll of vulnerability
 w - 2 scrolls of identify
Potions
 a - 3 potions of magic
 b - 2 potions of attraction
 e - a potion of enlightenment
 f - 2 potions of lignification
 g - 3 potions of might
 i - a potion of heal wounds
 k - 5 potions of mutation
 l - a potion of brilliance
 p - 4 potions of haste
 r - a potion of curing


   Skills:
 + Level 4.7 Dodging
 - Level 6.2 Stealth
 * Level 4.7 Spellcasting
 * Level 4.7 Conjurations
 + Level 1.4 Hexes
 + Level 5.2 Fire Magic


You had 6 spell levels left.
You knew the following spells:

 Your Spells              Type           Power      Damage    Failure   Level
a - Foxfire               Conj/Fire      100%       2x1d9     1%          1
b - Scorch                Fire           48%        2d7       2%          2
c - Inner Flame           Hex/Fire       17%        N/A       10%         3
d - Flame Wave            Conj/Fire      35%        2d10      17%         4

Your spell library contained the following spells:

 Spells                   Type           Power      Damage    Failure   Level
 Volatile Blastmotes      Fire/Tloc      28%        2d12      13%         3


Dungeon Overview and Level Annotations

Branches:
Dungeon (6/15)             Temple (1/1) D:5         Ossuary (visited)

Altars:
Ashenzari
Cheibriados
Dithmenos
Elyvilon
Fedhas
Gozag
Hepliaklqana
Makhleb
Nemelex Xobeh
Okawaru
Qazlal
Ru
Trog
Uskayaw
Wu Jian
Xom
Yredelemnul
The Shining One

Annotations:
D:5 YordlordTheGreat's ghost, novice HuCA
Temple 2 transporters


Innate Abilities, Weirdness & Mutations

You cannot wear most types of armour.
You are amphibious.
You can wear up to eight rings at the same time.
Your skin changes colour to match your surroundings (Stealth+).
Your rubbery body absorbs attacks. (AC +1, EV +1)
((You are camouflaged when in or above water. (Stealth+)))
You have tentacles for arms and can constrict up to eight enemies at once.


Message History

YordlordTheGreat's ghost hits you! YordlordTheGreat's ghost burns you.
Unknown command.
Casting: Scorch (safe; 2% risk of failure)
Confirm with . or Enter, or press ? or * to list all spells.
Casting: Flame Wave (quite dangerous; 17% risk of failure)
Press: ? - help, Dir - look around, f - activate You feel a surge of power!
A wave of flame ripples out!
The flame wave engulfs YordlordTheGreat's ghost but does no damage. (Press . to intensify the flame waves.) YordlordTheGreat's ghost hits you!
YordlordTheGreat's ghost burns you.
Unknown command.
A wave of flame ripples out!
The flame wave engulfs YordlordTheGreat's ghost.
YordlordTheGreat's ghost resists.
YordlordTheGreat's ghost is lightly damaged.
The flame wave engulfs the kobold!
The flame wave engulfs the kobold brigand!
The kobold brigand is moderately wounded.
The flame wave engulfs the kobold!!
You kill the kobold!
The kobold explodes!
The fiery explosion engulfs YordlordTheGreat's ghost!
YordlordTheGreat's ghost resists.
YordlordTheGreat's ghost is moderately damaged.
The fiery explosion engulfs the kobold!!!
You kill the kobold!
The fiery explosion engulfs the kobold brigand!
The kobold brigand is heavily wounded.
YordlordTheGreat's ghost barely misses you.
The kobold brigand is engulfed in blazing flames.
You kill the kobold brigand!
Unknown command.
Casting: Flame Wave (quite dangerous; 17% risk of failure)
Confirm with . or Enter, or press ? or * to list all spells.
Flames lash the kobold.
You kill the kobold!
YordlordTheGreat's ghost is engulfed in blazing flames.
YordlordTheGreat's ghost hits you!
* * * LOW HITPOINT WARNING * * *
YordlordTheGreat's ghost burns you!
You die...

.. #. .#####......... ...#.#
.[#............ ....
............... ..# ...
.............# #. ###.## ....
#.......... ##...#.#..##
.#...##........ ............#
#............###§........#..##
..........>.@W)§[.......#..<)
#..........##§§'##.......)#.
##.........##KK)..##...##....
##...#......#.K#.#..#......#.#
##...###.....#♣.#.#
♣#.......##
#......#.....#..#.# #.........
##...........##.. . #.......##
##........##...##.[$
#........# #.......####....#
######.#.....#


You could see YordlordTheGreat's ghost and 3 kobolds.

Vanquished Creatures
  A kobold brigand (D:5)
  A bullfrog (D:6)
  A scorpion (D:4)
  9 water moccasin zombies (Ossuary)
  A burial acolyte (Ossuary)
  A bombardier beetle (D:3)
  3 hounds
  2 orc priests (D:5)
  A gnoll bouda (D:4)
  An orc wizard (D:5)
  A bullfrog simulacrum (Ossuary)
  2 crocodile zombies (Ossuary)
  2 mummies (Ossuary)
  4 gnolls (D:4)
  5 adders
  A shadow imp (D:5)
  2 white imps (D:5)
  7 adder zombies (Ossuary)
  4 dart slugs
  A ribbon worm (D:2)
  17 orcs
  2 bats (D:1)
  5 endoplasms
  A giant cockroach (D:1)
  3 goblins
  7 hobgoblins
  4 quokkas
  7 ball pythons
  3 frilled lizards
  12 gnoll zombies (Ossuary)
  7 jackal zombies (Ossuary)
  11 kobolds
  2 orc zombies (Ossuary)
  6 rats
137 creatures vanquished.

Vanquished Creatures (others)
  294 foxfires
294 creatures vanquished.

Grand Total: 431 creatures vanquished

Notes
Turn   | Place    | Note
-------+----------+-------------------------------------------
     0 | D:1      | Conn the Octopode Fire Elementalist began the quest for the
                  | Orb.
     0 | D:1      | Reached XP level 1. HP: 11/11 MP: 3/3
   261 | D:1      | Reached XP level 2. HP: 17/17 MP: 1/5
   268 | D:1      | Reached skill level 3 in Stealth
   882 | D:2      | Reached XP level 3. HP: 21/21 MP: 2/6
  1649 | D:3      | Reached XP level 4. HP: 26/27 MP: 5/7
  1795 | D:3      | Learned a level 2 spell: Scorch
  1799 | D:3      | Learned a level 3 spell: Inner Flame
  2654 | D:4      | Found a shimmering altar of Xom.
  2668 | D:4      | You fall into a shaft and drop 2 floors!
  2669 | D:6      | Noticed a bullfrog
  2677 | D:6      | Killed a bullfrog
  2678 | D:6      | Reached skill level 4 in Stealth
  2678 | D:6      | Reached XP level 5. HP: 31/31 MP: 3/9
  2681 | D:6      | Identified the +0 hat of the Wasteland {Rampage rF- Slay+2
                  | Stlth+}
  2690 | D:5      | Entered Level 5 of the Dungeon
  2782 | D:4      | Reached XP level 6. HP: 36/36 MP: 0/10
  2826 | D:4      | Found a sand-covered staircase.
  2833 | Ossuary  | Entered an ossuary
  2899 | Ossuary  | Learned a level 4 spell: Flame Wave
  2931 | Ossuary  | Reached skill level 5 in Stealth
  2934 | Ossuary  | Reached XP level 7. HP: 41/41 MP: 3/12
  3285 | Ossuary  | Reached skill level 6 in Stealth
  3287 | Ossuary  | Reached XP level 8. HP: 40/46 MP: 0/14
  3778 | D:4      | Reached skill level 5 in Fire Magic
  3982 | D:4      | Identified the ring "Caguot" {rPois rN+ Str+6}
  4388 | D:5      | Reached skill level 1 in Hexes
  4705 | D:5      | Found a staircase to the Ecumenical Temple.
  4774 | Temple   | Found a transporter.
  4774 | Temple   | Found a transporter.
  4774 | Temple   | Found a transporter.
  4774 | Temple   | Found a transporter.
  4774 | Temple   | Entered the Ecumenical Temple
  4817 | D:5      | Found a runed translucent gate.
  4818 | D:5      | Found a runed translucent gate.
  4819 | D:5      | Found a runed translucent gate.
  4820 | D:5      | Noticed YordlordTheGreat's ghost (novice HuCA)
  4831 | D:5      | Slain by YordlordTheGreat's ghost

Illustrated notes

Levels and vault maps discovered:
D:1:      minmay_arrival_loop, layout_basic
D:2:      layout_loops_ring
D:3:      layout_loops_cross, roderic_lattice_a
D:4:      layout_gridville, mainiacjoe_overflow_24_doors,
          chequers_ossuary_entry_cave, grunt_ministairs_6, minmay_puff
D:5:      wander_guarded_unrand_ratskin, layout_cave_pools,
          minmay_temple_entry_nine_rooms, gammafunk_ghost_nasty_kobolds
D:6:      layout_basic, mainiacjoe_overflow_concentric_impassable,
          serial_library_hellmonk_narrow_alcove, kennysheep_small_spiral,
          uniq_crazy_yiuf_cottage
Temple:   hellmonk_temple_divided_pantheon

Skill      XL: |  1  2  3  4  5  6  7  8 |
---------------+-------------------------+-----
Stealth        | 3 4 5 6 |  6.2
Conjurations   | 2 3 4 |  4.7
Dodging        | 3 4 |  4.7
Spellcasting   | 3 4 |  4.7
Fire Magic     | 4 5 |  5.2
Hexes          | 1 |  1.4

Action                     |  1- 3 |  4- 6 |  7- 9 || total
---------------------------+-------+-------+-------++-------
  Melee: Dagger            |    10 |       |       ||    10
         Constrict         |     7 |    10 |    15 ||    32
         Staff             |     7 |    31 |    43 ||    81
         Tentacles         |     3 |    11 |    13 ||    27
  Throw: Dart              |       |     4 |       ||     4
   Cast: Foxfire           |    48 |    39 |    83 ||   170
         Scorch            |       |     2 |    15 ||    17
         Inner Flame       |       |     1 |     4 ||     5
         Flame Wave        |       |       |     2 ||     2
    Use: Potion            |     2 |     4 |       ||     6
         Scroll            |     1 |     4 |     8 ||    13
   Stab: Sleeping          |     5 |     2 |     2 ||     9
 Armour: Skin              |     7 |    18 |    31 ||    56
  Dodge: Dodged            |    13 |    39 |    62 ||   114

Table legend: (Time is in decaauts)
 A = Elapsed time spent in this place.
 B = Non-inter-level travel time spent in this place.
 C = Inter-level travel time spent in this place.
 D = Time resting spent in this place.
 E = Time spent auto-exploring this place.
 F = Levels seen in this place.
 G = Mean time per level.
                   A        B        C        D        E       F      G
               +--------+--------+--------+--------+--------+-----+--------+
         Total |   4845 |   4728 |    117 |    467 |   2803 |   8 |  605.6 |
       Dungeon |   4179 |   4071 |    108 |    130 |   2803 |   6 |  696.5 |
        Temple |     24 |     16 |      8 |      0 |      0 |   1 |   24.0 |
       Ossuary |    641 |    641 |      0 |    337 |      0 |   1 |  641.0 |
               +--------+--------+--------+--------+--------+-----+--------+

Top non-repeatable levels by time:
     D:4: 1294 daAuts
     D:3: 906 daAuts
     D:2: 865 daAuts
     D:1: 665 daAuts
 Ossuary: 641 daAuts
     D:5: 426 daAuts
  Temple: 24 daAuts
     D:6: 21 daAuts
